 Dungeon Crawl Stone Soup version 0.25-a0-786-g5b70d41e48 (webtiles) character file.

Game seed: 1922849453626458540, levelgen mode: deterministic

43 Fukker the Ruffian (level 3, -4/28 HPs)
             Began as a Draconian Transmuter on Apr 18, 2020.
             Slain by Crazy Yiuf
             ... wielding a +2 quarterstaff of chaos
              (11 damage)
             ... on level 2 of the Dungeon.
             The game lasted 00:02:35 (1106 turns).

Fukker the Ruffian (Draconian Transmuter)           Turns: 1106, Time: 00:02:35

Health: -4/28      AC:  2    Str: 12    XL:     3   Next: 37%
Magic:  3/6        EV: 19    Int: 14    God:
Gold:   65         SH:  0    Dex: 16    Spells: 0/6 levels left

rFire    . . .     SeeInvis .     - Unarmed
rCold    . . .     Gourm    .   (shield currently unavailable)
rNeg     . . .     Faith    .   (armour unavailable)
rPois    x         Spirit   .   (helmet currently unavailable)
rElec    .         Reflect  .   (cloak currently unavailable)
rCorr    .         Harm     .   (gloves currently unavailable)
MR       .....                  (boots currently unavailable)
Stlth    +.........             (no amulet)
HPRegen  0.09/turn              (no ring)
MPRegen  0.10/turn              (no ring)

@: spider-form (expiring)
A: tiny, unfitting armour, AC +5
a: End Transformation


You were on level 2 of the Dungeon.
You were very hungry.
You were a venomous arachnid creature.
You visited 1 branch of the dungeon, and saw 2 of its levels.

You collected 65 gold pieces.

Inventory:

Missiles
 a - 12 arrows
 g - 89 stones (quivered)
 i - 24 sling bullets
 j - 25 bolts
Jewellery
 e - an uncursed ring of flight
Scrolls
 b - a scroll of teleportation {unknown}
 d - a scroll of noise {unknown}
 f - a scroll of fear {unknown}
 h - a scroll of amnesia {unknown}
Comestibles
 c - 3 rations


   Skills:
 - Level 1.1 Fighting
 - Level 1.7 Dodging
 + Level 4.3 Unarmed Combat
 - Level 2.0 Spellcasting
 + Level 2.3 Transmutations


You couldn't memorise any spells.
You knew the following spells:

 Your Spells              Type           Power        Failure   Level  Hunger
a - Beastly Appendage     Tmut           #.....       22%         1    ##.....
b - Sticks to Snakes      Tmut           #.......     32%         2    ###....
c - Spider Form           Tmut/Pois      #.........   63%         3    ####...

Your spell library contained the following spells:

 Spells                   Type           Power        Failure   Level  Hunger
 Ice Form                 Ice/Tmut       #.......     93%         4    #####..
 Blade Hands              Tmut           #.........   98%         5    ######.


Dungeon Overview and Level Annotations

Branches:
Dungeon (2/15)

Altars:

Annotations:
D:2 Crazy Yiuf


Innate Abilities, Weirdness & Mutations

((Your plain brown scales are hard. (AC +5)))
You cannot fit into any form of body armour.
((You are cold-blooded and may be slowed by cold attacks.))


Message History

Crazy Yiuf yells, "Snower!"
Your magical contamination has completely faded away.
You start resting.
Magic restored.
Crazy Yiuf grits, "Castle!"
Casting: Spider Form (quite dangerous; 41% risk of failure)
Confirm with . or Enter, or press ? or * to list all spells.
You turn into a venomous arachnid creature.
You are feeling very hungry.
As you open the door, it creaks loudly!
You hit Crazy Yiuf but do no damage.
Crazy Yiuf hits you with a +2 quarterstaff of chaos.
You are electrocuted!!
Ouch! That really hurt!
* * * LOW HITPOINT WARNING * * *
You hit Crazy Yiuf.
Crazy Yiuf is poisoned.
Crazy Yiuf is moderately wounded.
Your transformation is almost over.
Crazy Yiuf hits you with a +2 quarterstaff of chaos!
You die...

#))))#
#))))#
♣))))♣
♣♣)).♣
♣♣.♣♣
♣♣.♣
♣.♣♣
♣♣.♣
♣s♣♣
#g#
...
#...#
#)..#
#####


You could see Crazy Yiuf.

Vanquished Creatures
  4 dart slugs (D:1)
  A leopard gecko (D:1)
  2 giant cockroaches
  3 hobgoblins (D:1)
  A ball python (D:1)
  7 bats (D:1)
  3 frilled lizards (D:1)
  5 goblins (D:1)
  4 kobolds (D:1)
  6 rats (D:1)
36 creatures vanquished.

Notes
Turn   | Place    | Note
-------+----------+-------------------------------------------
     0 | D:1      | Fukker the Draconian Transmuter began the quest for the
                  | Orb.
     0 | D:1      | Reached XP level 1. HP: 16/16 MP: 3/3
    39 | D:1      | Reached XP level 2. HP: 5/23 MP: 3/5
   301 | D:1      | Learned a level 2 spell: Sticks to Snakes
   393 | D:1      | Reached skill level 4 in Unarmed Combat
   399 | D:1      | Reached XP level 3. HP: 6/28 MP: 6/6
  1065 | D:2      | Found a runed translucent door.
  1066 | D:2      | Noticed Crazy Yiuf
  1073 | D:2      | Learned a level 3 spell: Spider Form
  1106 | D:2      | Slain by Crazy Yiuf

Levels and vault maps discovered:
D:1:      dpeg_arrival_houses_and_road, layout_rooms
D:2:      cheibrodos_pilgrimage, layout_loops_cross, first_ration, uniq_natasha,
          uniq_crazy_yiuf_cottage

Skill      XL: |  1  2 |
---------------+-------+-----
Unarmed Combat | 4 |  4.3
Fighting       | |  1.1
Dodging        | |  1.7
Spellcasting   | |  2.0
Transmutations | |  2.3

Action                   || total
-------------------------++-------
Melee: Unarmed           ||   134
       Kick              ||     5
       Tailslap          ||    11
 Cast: Beastly Appendage ||     3
       Spider Form       ||     1
Armor: Skin              ||    60
Dodge: Dodged            ||   126

Table legend:
 A = Non-vault XP
 B = Vault XP
 C = Vault XP percentage of total XP
 D = Non-vault monster count
 E = Vault monster count
 F = Vault count percentage of total count
                 A         B        C        D         E       F
            +---------+---------+-------+---------+---------+-------
      Total |      62 |       0 |   0.0 |      36 |       0 |   0.0
            +---------+---------+-------+---------+---------+-------
        D:1 |      60 |       0 |   0.0 |      35 |       0 |   0.0
        D:2 |       2 |       0 |   0.0 |       1 |       0 |   0.0
            +---------+---------+-------+---------+---------+-------
